AoeStats
← Santadriver

QS Arena

503116850Analyzed
4v4 RM · 1mo ago on Aug 30, 2026· 39m 15s· 8 players
Game mode
Random Map
Map size
Large (8 player)
Population
200
Speed
Normal
Resources
Standard
Victory
Conquest
Starting age
Dark Age
Ending age
Imperial Age
RankedLock teamsTeams togetherTeam positionsShared explorationLock speedFull tech treeHidden civsTurbo modeCheats
Victory
Defeat
🇨🇳 Mongols · China
1427
+9
🇨🇳 Turks · China
1384
+11
🇨🇳 Franks · China
1307
+14
🇨🇳 Italians · China
1305
+14
🇨🇭 Koreans · Switzerland
1358
-16
🇨🇭 Hindustanis · Switzerland
1275
-12
🇨🇭 Britons · Switzerland
1237
-11
🇨🇭 Khmer · Switzerland
1218
-10
fengyiwui
9:14 Feudal Age
10:40 Double-Bit Axe
13:04 Castle Age
11:06 Horse Collar
22:15 Imperial Age
20:23 Wheelbarrow
20:06 Gold Mining
20:39 Bow Saw
22:12 Heavy Plow
28:06 Ballistics
28:24 Gold Shaft Mining
29:41 Hand Cart
29:11 Town Watch
31:07 Two-Man Saw
30:39 Scale Barding Armor
30:44 Forging
30:37 Husbandry
30:47 Bloodlines
31:56 Chain Barding Armor
33:24 Iron Casting
33:42 Stone Mining
34:38 Plate Barding Armor
36:04 Blast Furnace
35:04 Padded Archer Armor
36:10 Artillery
37:11 Conscription
38:17 Leather Archer Armor
39:55 Ring Archer Armor
39:48 Sipahi
坏老头
9:38 Feudal Age
13:34 Castle Age
11:24 Double-Bit Axe
11:28 Horse Collar
14:35 Bow Saw
14:44 Heavy Plow
18:19 Wheelbarrow
20:05 Loom
20:40 Hand Cart
27:36 Imperial Age
25:42 Stone Mining
25:43 Gold Mining
27:03 Fletching
27:15 Padded Archer Armor
27:39 Ballistics
27:38 Thumb Ring
28:12 Bodkin Arrow
28:34 Leather Archer Armor
29:21 Chemistry
28:46 Conscription
27:50 Elite Genoese Crossbowman
29:58 Two-Man Saw
29:32 Crop Rotation
30:51 Bracer
31:37 Ring Archer Armor
31:13 Scale Barding Armor
31:20 Forging
31:01 Light Cavalry
31:52 Bloodlines
33:10 Chain Barding Armor
32:52 Hussar
33:35 Husbandry
35:01 Plate Barding Armor
35:03 Iron Casting
38:37 Blast Furnace
2035007090
8:36 Feudal Age
12:21 Castle Age
10:10 Double-Bit Axe
10:32 Horse Collar
10:47 Loom
13:25 Bow Saw
13:20 Heavy Plow
14:38 Wheelbarrow
17:27 Gold Mining
17:59 Stone Mining
19:14 Gold Shaft Mining
20:21 Stone Shaft Mining
26:47 Imperial Age
24:32 Fletching
24:43 Padded Archer Armor
26:25 Ballistics
26:21 Hand Cart
25:52 Town Watch
25:52 Loom
26:03 Bodkin Arrow
27:50 Bracer
27:18 Elite Mangudai
28:36 Conscription
29:57 Chemistry
29:14 Leather Archer Armor
30:01 Bloodlines
29:51 Husbandry
30:18 Parthian Tactics
29:58 Light Cavalry
31:03 Thumb Ring
31:04 Scale Barding Armor
31:10 Forging
31:52 Drill
31:33 Nomads
31:44 Masonry
31:30 Murder Holes
32:33 Chain Barding Armor
33:39 Iron Casting
32:57 Capped Ram
33:38 Hussar
34:08 Siege Ram
37:35 Blast Furnace
39:58 Siege Engineers
深秋
8:44 Feudal Age
12:50 Castle Age
13:01 Double-Bit Axe
29:33 Imperial Age
27:30 Fletching
27:42 Padded Archer Armor
28:15 Bow Saw
27:59 Gold Mining
28:09 Bodkin Arrow
29:04 Ballistics
29:39 Gold Shaft Mining
29:22 Leather Archer Armor
28:57 Elite Skirmisher
31:40 Chemistry
31:22 Wheelbarrow
34:34 Stone Mining
36:47 Masonry
Fjschj
8:52 Feudal Age
9:26 Double-Bit Axe
14:20 Castle Age
13:33 Horse Collar
13:45 Gold Mining
21:48 Bow Saw
22:21 Heavy Plow
24:07 Loom
24:59 Wheelbarrow
25:57 Bloodlines
25:47 Husbandry
28:21 Imperial Age
27:21 Scale Barding Armor
27:26 Forging
29:57 Chain Barding Armor
30:13 Iron Casting
29:00 Heavy Camel Rider
30:29 Gold Shaft Mining
30:56 Two-Man Saw
34:08 Elite Skirmisher
35:26 Fletching
35:37 Padded Archer Armor
36:11 Imperial Camel Rider
37:49 Bodkin Arrow
38:09 Leather Archer Armor
donloco
10:06 Feudal Age
12:54 Castle Age
11:08 Horse Collar
11:17 Double-Bit Axe
15:39 Wheelbarrow
14:54 Loom
15:26 Bow Saw
19:07 Heavy Plow
25:19 Imperial Age
22:41 Town Watch
23:23 Hand Cart
23:07 Gold Mining
23:14 Stone Mining
24:50 Husbandry
25:01 Bloodlines
24:14 Light Cavalry
25:30 Scale Barding Armor
26:25 Hussar
27:24 Forging
28:12 Chain Barding Armor
29:03 Iron Casting
30:21 Conscription
33:54 Plate Barding Armor
34:20 Blast Furnace
36:01 Padded Archer Armor
35:52 Fletching
37:48 Chemistry
36:54 Siege Engineers
37:11 Ballistics
38:35 Crop Rotation
Santadriver
8:48 Feudal Age
12:23 Castle Age
10:38 Double-Bit Axe
16:08 Horse Collar
17:10 Heavy Plow
19:58 Bow Saw
20:13 Gold Mining
21:52 Wheelbarrow
21:09 Town Watch
23:00 Hand Cart
23:14 Fortified Wall
24:38 Gold Shaft Mining
23:55 Stone Mining
27:57 Imperial Age
25:16 Loom
27:19 Eupseong
27:10 Fletching
28:17 Ballistics
28:07 Masonry
28:08 Bodkin Arrow
28:30 Arrowslits
29:06 Bracer
30:05 Crossbowman
30:52 Thumb Ring
31:30 Conscription
32:27 Chemistry
31:59 Architecture
31:08 Arbalester
32:17 Town Patrol
32:01 Treadmill Crane
33:27 Elite Skirmisher
MC_Jumlox
2:00 Loom
3:15 Loom
4:06 Loom
8:02 Feudal Age
12:50 Castle Age
11:05 Double-Bit Axe
11:23 Stone Mining
13:08 Town Watch
13:20 Fletching
16:13 Padded Archer Armor
19:15 Gold Mining
21:17 Town Watch
21:43 Bodkin Arrow
23:22 Bow Saw
28:12 Imperial Age
27:02 Wheelbarrow
27:35 Leather Archer Armor
28:14 Gold Shaft Mining
28:21 Wheelbarrow
28:07 Horse Collar
29:43 Ballistics
29:52 Conscription
33:43 Capped Ram
36:44 Chemistry
37:25 Conscription
37:12 Town Patrol
37:27 Hand Cart
Connection lost

Rejoining the realm…

Still unreachable

The connection could not be restored.

Session expired

The server has moved on; the page needs a fresh start.